Pick #1

Connor Bedard
Pick #2

Leo Carlsson
Pick #3

Adam Fantilli
Pick #4

Matvei Michkov
Pick #5

David Reinbacher
Pick #6

William Smith
Pick #7

Zachary Benson
Pick #8

Ryan Leonard
Pick #9

Gabriel Perreault
Pick #10

Axel Sandin-Pellika
Pick #11

Daniil But
Pick #12

Dalibor Dvorsky
Pick #13

Quentin Musty
Pick #14

Brayden Yager
Pick #15

Dmitry Simashev
Pick #16

Colby Barlow
Pick #17

Andrew Cristall
Pick #18

Easton Cowan
Pick #19

Jacob Fowler
Pick #20

Oliver Moore
Pick #21

Oliver Bonk
Pick #22

Tom Willander
Pick #23

Calum Ritchie
Pick #24

Tanner Molendyk
Pick #25

Gavin Brindley
Pick #26

Nate Danielson
Pick #27

Pick #28

Pick #29

Pick #30

Pick #31

Pick #32

Pick #33

Pick #34

Pick #35

Pick #36

Pick #37

Pick #38

Pick #39

Pick #40

Pick #41

Pick #42

Pick #43

Pick #44

Pick #45

Pick #46

Pick #47

Pick #48

Pick #49

Pick #50

Pick #51

Pick #52

Pick #53

Pick #54

Pick #55

Pick #56

Pick #57

Pick #58

Pick #59

Pick #60

Pick #61

Pick #62

Pick #63

Pick #64

Pick #65

Pick #66

Pick #67

Pick #68

Pick #69

Pick #70

Pick #71

Pick #72

Pick #73

Pick #74

Pick #75

Pick #76

Pick #77

Pick #78

Pick #79

Pick #80

Pick #81

Pick #82

Pick #83

Pick #84

Pick #85

Pick #86

Pick #87

Pick #88

Pick #89

Pick #90

Pick #91

Pick #92

Pick #93

Pick #94

Pick #95

Pick #96

Pick #97

Pick #98

Pick #99

Pick #100

Pick #101

Pick #102

Pick #103

Pick #104

Pick #105

Pick #106

Pick #107

Pick #108

Pick #109

Pick #110

Pick #111

Pick #112

Pick #113

Pick #114

Pick #115

Pick #116

Pick #117

Pick #118

Pick #119

Pick #120

Pick #121

Pick #122

Pick #123

Pick #124

Pick #125

Pick #126

Pick #127

Pick #128

Pick #129

Pick #130

Full Scoreboard »»

MapleLeafs vs Capitals

Created - February 23, 2024 at 23:42

Goals
1 2 3 T
MapleLeafs 1 1 3 5
Capitals 1 0 2 3
Shots
1 2 3 T
MapleLeafs 8 6 14 28
Capitals 14 13 9 36

GoalsPenalties
1st period
1. Capitals , Michael Rasmussen 16 (Noah Dobson 19) at 14:01
2. MapleLeafs , Drake Batherson 18 (John Marino 18, Jonathan Huberdeau 29) at 16:11
Erik Cernak (TOR) for Holding (Minor) at 3:05
2nd period
3. MapleLeafs , Shane Pinto 3 (Alexander Romanov 18, Erik Cernak 15) at 6:15
Jordan Greenway (WSH) for Tripping (Minor) at 6:31
Alexander Romanov (TOR) for Hooking (Minor) at 13:24
3rd period
4. MapleLeafs , Alexander Wennberg 22 (Barrett Hayton 8, Anthony Duclair 16) at 0:42
5. MapleLeafs , Filip Chytil 10 (Jonatan Berggren 6, Zach Whitecloud 10) at 1:36
6. Capitals , Kevin Labanc 12 (Alex Nylander 3, Jonas Siegenthaler 28) at 2:57
7. MapleLeafs , Shane Pinto 4 (Jonathan Huberdeau 30, Nicolas Hague 16) at 7:25
8. Capitals , Tyler Johnson 10 (Kaapo Kakko 18) at 15:22
Barrett Hayton (TOR) for Hooking (Minor) at 8:43
Goalie Stats
Jordan Binnington (TOR), 33 saves from 36 shots - (0.917), W, 14-16-5, 60:00 minutes
Joonas Korpisalo (WSH), 10 saves from 11 shots - (0.909), 18:24 minutes
Pyotr Kochetkov (WSH), 13 saves from 17 shots - (0.765), L, 8-24-3, 41:36 minutes
3 StarsOfficial
1 - Shane Pinto (TOR)
2 - Drake Batherson (TOR)
3 - Jonathan Huberdeau (TOR)
Referees : Reid Anderson and Troy Paterson
Linesman : James Tobias and Brian Mach
Game Note
Joonas Korpisalo enters game at 1:36 of 3rd period
Finance
Level 1 -- Attendance: 2502 (38.49%) -- Ticket Income $625,500
Level 2 -- Attendance: 1967 (39.34%) -- Ticket Income $393,400
Level 3 -- Attendance: 1131 (32.31%) -- Ticket Income $197,925
Level 4 -- Attendance: 772 (30.81%) -- Ticket Income $115,800
Luxury Box -- Attendance: 419 (41.90%) -- Ticket Income $167,600
Game was played at the Verizon Center.
Total Attendance: 6791 (36.70%)
Total Ticket Income: $1,500,225
Other Income: $375,056
Total Income: $1,875,281



Team Name Goals Shots Shots Attemp Shots Blocked PIM HIT PP PK FO%
MapleLeafs 52852106220 / 1 (0%)049%
Capitals 33664132280 / 3 (0%)051%

MapleLeafs
Player Name POS G A P +/- PIM HIT SHT SB MP PP MP PP SHT PK MP PK SHT FO% FOT
Alexander RomanovD011-1240120:350:0002:1000% 0
Alexander WennbergC1010014021:411:2204:03065% 31
Anthony DuclairLW0110002017:070:3700:1400% 0
Barrett HaytonC0110201016:150:0000:0000% 0
Drake BathersonRW1012013017:251:2200:0000% 1
Erik CernakD011-1230120:550:0002:3000% 0
Filip ChytilC1010009014:520:3710:00033% 15
John MarinoD0112030422:130:3703:3000% 0
Jonatan BerggrenRW0110000014:150:0000:0000% 1
Jonathan HuberdeauC0222011017:251:2200:0000% 0
Nicolas HagueD0111010117:161:2200:2200% 0
Nils AmanC000001107:060:0001:3600% 1
Noah CatesLW000001009:370:0004:0700% 0
Noel AcciariC000000207:240:0001:54050% 10
Ryan GravesD0002020322:050:3703:2200% 0
Shane PintoC2022003016:400:3700:00042% 24
Trent FredericC0000030014:150:0000:000100% 1
Zach WhitecloudD0111012016:541:2200:0000% 0
Capitals
Player Name POS G A P +/- PIM HIT SHT SB MP PP MP PP SHT PK MP PK SHT FO% FOT
Alex NylanderLW011-2003120:032:4700:2900% 2
Ben HuttonD000-2010121:582:3400:4300% 0
Brad HuntD0000001024:113:2311:1600% 0
Christian FischerRW0000001011:070:0000:0000% 0
Cody CeciD0000064224:113:2331:1600% 0
David KampfC0000034121:153:1020:00033% 3
Jonas SiegenthalerD011-2030421:582:3400:4300% 0
Jordan GreenwayLW000022006:040:0000:0000% 0
Kaapo KakkoRW0110002018:050:0000:000100% 1
Kevin LabancRW101-2036119:342:4710:0000% 0
Matias MaccelliLW000000006:050:0000:0000% 0
Michael RasmussenC1010034011:070:0000:00035% 17
Morgan FrostC0000000111:070:0000:000100% 1
Noah DobsonD0110011113:510:0000:0000% 0
Pavel ZachaC000-2017120:032:4710:29048% 21
Quinton ByfieldC0000000010:453:1001:30067% 9
Samuel BolducD0000030013:510:0000:0000% 0
Tyler JohnsonC1010023022:453:1001:30060% 30



Play-by-Play

1st period


0:01 of 1st period - Tyler Johnson wins face-off versus Shane Pinto in neutral zone.
1:14 of 1st period - Icing by Ryan Graves.
1:15 of 1st period - Shane Pinto wins face-off versus Michael Rasmussen in MapleLeafs zone.
2:00 of 1st period - Shot by Anthony Duclair.
2:00 of 1st period - Stopped by Pyotr Kochetkov without a rebound.
2:01 of 1st period - Filip Chytil wins face-off versus Quinton Byfield in Capitals zone.
2:03 of 1st period - Jonatan Berggren is hit by Cody Ceci and loses puck.
3:01 of 1st period - Shot by Pavel Zacha.
3:01 of 1st period - Stopped by Jordan Binnington without a rebound.
3:02 of 1st period - Tyler Johnson wins face-off versus Noel Acciari in MapleLeafs zone.
3:02 of 1st period - Tyler Johnson is hit by Erik Cernak.
3:05 of 1st period - Minor Penalty to Erik Cernak for Holding.
3:06 of 1st period - Alexander Wennberg wins face-off versus Pavel Zacha in MapleLeafs zone.
3:28 of 1st period - Off-side.
3:29 of 1st period - Tyler Johnson wins face-off versus Alexander Wennberg in neutral zone.
3:42 of 1st period - Shot by Tyler Johnson.
3:42 of 1st period - Shot Misses the Net.
3:59 of 1st period - David Kampf is hit by Alexander Romanov and loses puck.
4:38 of 1st period - Shot by Pavel Zacha.
4:38 of 1st period - Shot Blocked by John Marino.
4:48 of 1st period - Shot by Ben Hutton.
4:48 of 1st period - Shot Misses the Net.
4:50 of 1st period - Shot by Jonas Siegenthaler.
4:50 of 1st period - Shot Misses the Net.
4:52 of 1st period - Shot by Kevin Labanc.
4:52 of 1st period - Shot Misses the Net.
4:54 of 1st period - Shot by Pavel Zacha.
4:54 of 1st period - Stopped by Jordan Binnington without a rebound.
4:55 of 1st period - Alexander Wennberg wins face-off versus Alex Nylander in MapleLeafs zone.
5:17 of 1st period - Off-side.
5:18 of 1st period - Michael Rasmussen wins face-off versus Shane Pinto in neutral zone.
5:25 of 1st period - Shot by Michael Rasmussen.
5:25 of 1st period - Stopped by Jordan Binnington without a rebound.
5:26 of 1st period - Trent Frederic wins face-off versus Pavel Zacha in MapleLeafs zone.
5:47 of 1st period - Shot by Filip Chytil.
5:47 of 1st period - Deflect By Trent Frederic.
5:47 of 1st period - Shot Misses the Net.
6:51 of 1st period - Shot by Cody Ceci.
6:51 of 1st period - Stopped by Jordan Binnington without a rebound.
6:52 of 1st period - Noel Acciari wins face-off versus Michael Rasmussen in MapleLeafs zone.
6:52 of 1st period - Noel Acciari is hit by Michael Rasmussen.
7:33 of 1st period - Shot by Michael Rasmussen.
7:33 of 1st period - Stopped by Jordan Binnington without a rebound.
7:34 of 1st period - Tyler Johnson wins face-off versus Alexander Wennberg in MapleLeafs zone.
8:31 of 1st period - Zach Whitecloud is hit by David Kampf and loses puck.
8:42 of 1st period - Shot by Alex Nylander.
8:42 of 1st period - Stopped by Jordan Binnington without a rebound.
8:43 of 1st period - Filip Chytil wins face-off versus Alex Nylander in MapleLeafs zone.
9:02 of 1st period - Pavel Zacha is hit by John Marino and loses puck.
9:15 of 1st period - Shot by Pavel Zacha.
9:15 of 1st period - Stopped by Jordan Binnington without a rebound.
9:16 of 1st period - Quinton Byfield wins face-off versus Shane Pinto in MapleLeafs zone.
11:18 of 1st period - Noah Cates is hit by Cody Ceci and loses puck.
11:22 of 1st period - Noah Cates is hit by Cody Ceci and loses puck.
11:29 of 1st period - Shot by Nils Aman.
11:29 of 1st period - Shot Blocked by David Kampf.
11:55 of 1st period - Shot by Filip Chytil.
11:55 of 1st period - Stopped by Pyotr Kochetkov with a rebound.
11:57 of 1st period - Shot by Zach Whitecloud.
11:57 of 1st period - Shot Blocked by Cody Ceci.
11:59 of 1st period - Shot by Filip Chytil.
11:59 of 1st period - Stopped by Pyotr Kochetkov without a rebound.
12:00 of 1st period - Pavel Zacha wins face-off versus Shane Pinto in Capitals zone.
12:18 of 1st period - Pavel Zacha is hit by Alexander Romanov and loses puck.
12:23 of 1st period - Shot by Kevin Labanc.
12:23 of 1st period - Deflect By Pavel Zacha.
12:23 of 1st period - Stopped by Jordan Binnington without a rebound.
12:24 of 1st period - Michael Rasmussen wins face-off versus Alexander Wennberg in MapleLeafs zone.
12:45 of 1st period - Shot by Christian Fischer.
12:45 of 1st period - Stopped by Jordan Binnington without a rebound.
12:46 of 1st period - Pavel Zacha wins face-off versus Shane Pinto in MapleLeafs zone.
12:50 of 1st period - Pavel Zacha is hit by Ryan Graves and loses puck.
13:05 of 1st period - Shot by Kevin Labanc.
13:05 of 1st period - Deflect By Alex Nylander.
13:05 of 1st period - Stopped by Jordan Binnington with a rebound.
13:08 of 1st period - Kevin Labanc is hit by John Marino and loses puck.
13:41 of 1st period - Icing by Ryan Graves.
13:42 of 1st period - Shane Pinto wins face-off versus Michael Rasmussen in MapleLeafs zone.
14:01 of 1st period - Shot by Michael Rasmussen.
14:01 of 1st period - Goal by Michael Rasmussen - MapleLeafs : 0 - Capitals : 1.
14:02 of 1st period - Tyler Johnson wins face-off versus Filip Chytil in neutral zone.
14:09 of 1st period - Filip Chytil is hit by David Kampf and loses puck.
14:17 of 1st period - Filip Chytil is hit by Cody Ceci and loses puck.
15:32 of 1st period - Shot by Alexander Wennberg.
15:32 of 1st period - Stopped by Pyotr Kochetkov with a rebound.
15:34 of 1st period - Shot by Zach Whitecloud.
15:34 of 1st period - Stopped by Pyotr Kochetkov without a rebound.
15:35 of 1st period - Shane Pinto wins face-off versus Michael Rasmussen in Capitals zone.
15:35 of 1st period - Shane Pinto is hit by Noah Dobson.
16:11 of 1st period - Shot by Drake Batherson.
16:11 of 1st period - Goal by Drake Batherson - MapleLeafs : 1 - Capitals : 1.
16:12 of 1st period - Pavel Zacha wins face-off versus Alexander Wennberg in neutral zone.
16:47 of 1st period - Shot by Kevin Labanc.
16:47 of 1st period - Stopped by Jordan Binnington with a rebound.
16:49 of 1st period - Shot by Pavel Zacha.
16:49 of 1st period - Stopped by Jordan Binnington without a rebound.
16:50 of 1st period - Tyler Johnson wins face-off versus Filip Chytil in MapleLeafs zone.
16:52 of 1st period - Kaapo Kakko is hit by Alexander Romanov and loses puck.
16:58 of 1st period - Filip Chytil is hit by David Kampf and loses puck.
17:03 of 1st period - Brad Hunt is hit by Trent Frederic and loses puck.
17:15 of 1st period - Icing by Brad Hunt.
17:16 of 1st period - Tyler Johnson wins face-off versus Noel Acciari in Capitals zone.
17:22 of 1st period - Off-side.
17:23 of 1st period - Alexander Wennberg wins face-off versus Pavel Zacha in neutral zone.
17:23 of 1st period - Anthony Duclair is hit by Kevin Labanc and loses puck.
18:00 of 1st period - John Marino is hit by Kevin Labanc and loses puck.
18:25 of 1st period - Shot by Tyler Johnson.
18:25 of 1st period - Shot Blocked by Ryan Graves.
18:43 of 1st period - Shot by Drake Batherson.
18:43 of 1st period - Stopped by Pyotr Kochetkov with a rebound.
19:17 of 1st period - Shot by Jonathan Huberdeau.
19:17 of 1st period - Stopped by Pyotr Kochetkov without a rebound.
19:18 of 1st period - Michael Rasmussen wins face-off versus Filip Chytil in Capitals zone.
19:51 of 1st period - Shot by Michael Rasmussen.
19:51 of 1st period - Shot Blocked by Nicolas Hague.
19:53 of 1st period - Shot by Michael Rasmussen.
19:53 of 1st period - Stopped by Jordan Binnington with a rebound.
19:55 of 1st period - Shot by Morgan Frost.
19:55 of 1st period - Shot Misses the Net.
Goals for this period are 1 for MapleLeafs vs 1 for Capitals.
Shots for this period are 8 for MapleLeafs vs 14 for Capitals.

2nd period


0:01 of 2nd period - Noel Acciari wins face-off versus David Kampf in neutral zone.
0:35 of 2nd period - Icing by Cody Ceci.
0:36 of 2nd period - Shane Pinto wins face-off versus Tyler Johnson in Capitals zone.
0:51 of 2nd period - Shot by Jonathan Huberdeau.
0:51 of 2nd period - Shot Misses the Net.
1:16 of 2nd period - Shot by Kevin Labanc.
1:16 of 2nd period - Shot Misses the Net.
1:18 of 2nd period - Shot by Kevin Labanc.
1:18 of 2nd period - Stopped by Jordan Binnington without a rebound.
1:19 of 2nd period - Alexander Wennberg wins face-off versus Michael Rasmussen in MapleLeafs zone.
1:19 of 2nd period - Alexander Wennberg is hit by Michael Rasmussen.
2:09 of 2nd period - Alexander Wennberg is hit by Samuel Bolduc and loses puck.
2:17 of 2nd period - Icing by Samuel Bolduc.
2:18 of 2nd period - Filip Chytil wins face-off versus Michael Rasmussen in Capitals zone.
2:41 of 2nd period - Filip Chytil is hit by Samuel Bolduc and loses puck.
2:44 of 2nd period - Shot by Trent Frederic.
2:44 of 2nd period - Shot Blocked by Noah Dobson.
3:50 of 2nd period - Shot by David Kampf.
3:50 of 2nd period - Stopped by Jordan Binnington without a rebound.
3:51 of 2nd period - Alexander Wennberg wins face-off versus Pavel Zacha in MapleLeafs zone.
4:34 of 2nd period - Shot by Barrett Hayton.
4:34 of 2nd period - Shot Blocked by Ben Hutton.
4:56 of 2nd period - Shot by Filip Chytil.
4:56 of 2nd period - Stopped by Pyotr Kochetkov without a rebound.
4:57 of 2nd period - Tyler Johnson wins face-off versus Noel Acciari in Capitals zone.
4:57 of 2nd period - Tyler Johnson is hit by Nils Aman.
5:17 of 2nd period - Noah Cates is hit by Cody Ceci and loses puck.
5:27 of 2nd period - Icing by Brad Hunt.
5:28 of 2nd period - Filip Chytil wins face-off versus Tyler Johnson in Capitals zone.
5:56 of 2nd period - Off-side.
5:57 of 2nd period - Quinton Byfield wins face-off versus Shane Pinto in neutral zone.
6:03 of 2nd period - Icing by Erik Cernak.
6:04 of 2nd period - Shane Pinto wins face-off versus Pavel Zacha in MapleLeafs zone.
6:15 of 2nd period - Shot by Shane Pinto.
6:15 of 2nd period - Goal by Shane Pinto - MapleLeafs : 2 - Capitals : 1.
6:16 of 2nd period - Alexander Wennberg wins face-off versus Quinton Byfield in neutral zone.
6:31 of 2nd period - Minor Penalty to Jordan Greenway for Tripping.
6:32 of 2nd period - Alexander Wennberg wins face-off versus Tyler Johnson in Capitals zone.
7:52 of 2nd period - Shot by Ryan Graves.
7:52 of 2nd period - Shot Misses the Net.
7:54 of 2nd period - Shot by Ryan Graves.
7:54 of 2nd period - Shot Blocked by Jonas Siegenthaler.
7:56 of 2nd period - Shot by John Marino.
7:56 of 2nd period - Deflect By Filip Chytil.
7:56 of 2nd period - Stopped by Pyotr Kochetkov without a rebound.
7:57 of 2nd period - Alexander Wennberg wins face-off versus Tyler Johnson in Capitals zone.
8:10 of 2nd period - Shot by Drake Batherson.
8:10 of 2nd period - Shot Misses the Net.
8:12 of 2nd period - Shot by Alexander Wennberg.
8:12 of 2nd period - Shot Blocked by Cody Ceci.
9:14 of 2nd period - Shot by Noel Acciari.
9:14 of 2nd period - Stopped by Pyotr Kochetkov without a rebound.
9:15 of 2nd period - Pavel Zacha wins face-off versus Filip Chytil in Capitals zone.
9:27 of 2nd period - Alex Nylander is hit by Ryan Graves.
9:45 of 2nd period - Shot by Alex Nylander.
9:45 of 2nd period - Shot Blocked by Ryan Graves.
9:47 of 2nd period - Shot by Kevin Labanc.
9:47 of 2nd period - Stopped by Jordan Binnington without a rebound.
9:48 of 2nd period - David Kampf wins face-off versus Shane Pinto in MapleLeafs zone.
9:53 of 2nd period - Shot by Kaapo Kakko.
9:53 of 2nd period - Stopped by Jordan Binnington without a rebound.
9:54 of 2nd period - Morgan Frost wins face-off versus Shane Pinto in MapleLeafs zone.
10:12 of 2nd period - Off-side.
10:13 of 2nd period - Alexander Wennberg wins face-off versus Tyler Johnson in neutral zone.
10:19 of 2nd period - Alexander Wennberg is hit by Jonas Siegenthaler and loses puck.
10:39 of 2nd period - Icing by David Kampf.
10:40 of 2nd period - Tyler Johnson wins face-off versus Shane Pinto in Capitals zone.
10:47 of 2nd period - Alexander Romanov is hit by Tyler Johnson and loses puck.
11:19 of 2nd period - Off-side.
11:20 of 2nd period - Alexander Wennberg wins face-off versus Pavel Zacha in neutral zone.
11:47 of 2nd period - Shot by Barrett Hayton.
11:47 of 2nd period - Shot Blocked by Pavel Zacha.
11:49 of 2nd period - Shot by Anthony Duclair.
11:49 of 2nd period - Stopped by Pyotr Kochetkov with a rebound.
12:33 of 2nd period - Noah Dobson is hit by Trent Frederic and loses puck.
13:19 of 2nd period - Shot by Tyler Johnson.
13:19 of 2nd period - Shot Misses the Net.
13:24 of 2nd period - Minor Penalty to Alexander Romanov for Hooking.
13:25 of 2nd period - Alexander Wennberg wins face-off versus Pavel Zacha in MapleLeafs zone.
13:55 of 2nd period - Alex Nylander is hit by Erik Cernak and loses puck.
14:00 of 2nd period - Shot by Kevin Labanc.
14:00 of 2nd period - Shot Blocked by Ryan Graves.
14:02 of 2nd period - Shot by Brad Hunt.
14:02 of 2nd period - Shot Misses the Net.
14:04 of 2nd period - Shot by Brad Hunt.
14:04 of 2nd period - Stopped by Jordan Binnington with a rebound.
14:06 of 2nd period - Shot by Cody Ceci.
14:06 of 2nd period - Stopped by Jordan Binnington without a rebound.
14:07 of 2nd period - Tyler Johnson wins face-off versus Noel Acciari in MapleLeafs zone.
14:44 of 2nd period - Shot by David Kampf.
14:44 of 2nd period - Stopped by Jordan Binnington without a rebound.
14:45 of 2nd period - Pavel Zacha wins face-off versus Alexander Wennberg in MapleLeafs zone.
14:46 of 2nd period - Shot by Cody Ceci.
14:46 of 2nd period - Stopped by Jordan Binnington without a rebound.
14:47 of 2nd period - Alexander Wennberg wins face-off versus Pavel Zacha in MapleLeafs zone.
14:54 of 2nd period - Shot by Kevin Labanc.
14:54 of 2nd period - Shot Blocked by John Marino.
14:56 of 2nd period - Shot by Cody Ceci.
14:56 of 2nd period - Shot Misses the Net.
14:58 of 2nd period - Shot by Kevin Labanc.
14:58 of 2nd period - Shot Misses the Net.
15:06 of 2nd period - Shot by Cody Ceci.
15:06 of 2nd period - Stopped by Jordan Binnington with a rebound.
15:08 of 2nd period - Shot by Kevin Labanc.
15:08 of 2nd period - Stopped by Jordan Binnington without a rebound.
15:09 of 2nd period - Noel Acciari wins face-off versus Tyler Johnson in MapleLeafs zone.
15:49 of 2nd period - Shot by Noah Dobson.
15:49 of 2nd period - Stopped by Jordan Binnington without a rebound.
15:50 of 2nd period - Tyler Johnson wins face-off versus Filip Chytil in MapleLeafs zone.
16:12 of 2nd period - Icing by John Marino.
16:13 of 2nd period - Pavel Zacha wins face-off versus Jonatan Berggren in MapleLeafs zone.
16:16 of 2nd period - Shot by Alex Nylander.
16:16 of 2nd period - Stopped by Jordan Binnington with a rebound.
16:18 of 2nd period - Shot by Ben Hutton.
16:18 of 2nd period - Shot Blocked by John Marino.
16:20 of 2nd period - Shot by Kevin Labanc.
16:20 of 2nd period - Shot Blocked by John Marino.
16:40 of 2nd period - Shot by Filip Chytil.
16:40 of 2nd period - Stopped by Pyotr Kochetkov without a rebound.
16:41 of 2nd period - Alexander Wennberg wins face-off versus Tyler Johnson in Capitals zone.
17:07 of 2nd period - Brad Hunt is hit by Erik Cernak and loses puck.
18:26 of 2nd period - Shot by Pavel Zacha.
18:26 of 2nd period - Shot Misses the Net.
18:30 of 2nd period - Shot by Pavel Zacha.
18:30 of 2nd period - Stopped by Jordan Binnington without a rebound.
18:31 of 2nd period - Quinton Byfield wins face-off versus Filip Chytil in MapleLeafs zone.
18:56 of 2nd period - Off-side.
18:57 of 2nd period - Alexander Wennberg wins face-off versus Michael Rasmussen in neutral zone.
18:57 of 2nd period - Barrett Hayton is hit by Michael Rasmussen.
19:30 of 2nd period - Icing by Jonas Siegenthaler.
19:31 of 2nd period - Michael Rasmussen wins face-off versus Filip Chytil in Capitals zone.
19:31 of 2nd period - Michael Rasmussen is hit by Trent Frederic.
19:55 of 2nd period - Icing by Christian Fischer.
19:56 of 2nd period - Michael Rasmussen wins face-off versus Shane Pinto in Capitals zone.
Goals for this period are 1 for MapleLeafs vs 0 for Capitals.
Shots for this period are 6 for MapleLeafs vs 13 for Capitals.

3rd period


0:01 of 3rd period - Shane Pinto wins face-off versus Tyler Johnson in neutral zone.
0:15 of 3rd period - Off-side.
0:16 of 3rd period - Alexander Wennberg wins face-off versus Pavel Zacha in neutral zone.
0:26 of 3rd period - Alexander Wennberg is hit by Ben Hutton.
0:42 of 3rd period - Shot by Alexander Wennberg.
0:42 of 3rd period - Goal by Alexander Wennberg - MapleLeafs : 3 - Capitals : 1.
0:43 of 3rd period - Tyler Johnson wins face-off versus Shane Pinto in neutral zone.
0:59 of 3rd period - Shot by David Kampf.
0:59 of 3rd period - Shot Blocked by Erik Cernak.
1:05 of 3rd period - Shot by David Kampf.
1:05 of 3rd period - Stopped by Jordan Binnington without a rebound.
1:06 of 3rd period - Pavel Zacha wins face-off versus Filip Chytil in MapleLeafs zone.
1:06 of 3rd period - Pavel Zacha is hit by Nicolas Hague.
1:08 of 3rd period - Shot by Ben Hutton.
1:08 of 3rd period - Shot Misses the Net.
1:18 of 3rd period - Shot by Zach Whitecloud.
1:18 of 3rd period - Stopped by Pyotr Kochetkov with a rebound.
1:20 of 3rd period - Shot by Trent Frederic.
1:20 of 3rd period - Shot Blocked by Alex Nylander.
1:22 of 3rd period - Shot by Trent Frederic.
1:22 of 3rd period - Shot Blocked by Kevin Labanc.
1:34 of 3rd period - Shot by Jonatan Berggren.
1:34 of 3rd period - Shot Hit the Post.
1:36 of 3rd period - Shot by Filip Chytil.
1:36 of 3rd period - Goal by Filip Chytil - MapleLeafs : 4 - Capitals : 1.
1:36 of 3rd period - Joonas Korpisalo enters game.
1:37 of 3rd period - Shane Pinto wins face-off versus Tyler Johnson in neutral zone.
1:37 of 3rd period - Shane Pinto is hit by Tyler Johnson.
1:46 of 3rd period - David Kampf is hit by Jonathan Huberdeau and loses puck.
1:54 of 3rd period - Kaapo Kakko is hit by Alexander Romanov and loses puck.
2:20 of 3rd period - Shot by Kaapo Kakko.
2:20 of 3rd period - Stopped by Jordan Binnington with a rebound.
2:34 of 3rd period - Jonas Siegenthaler is hit by Drake Batherson and loses puck.
2:45 of 3rd period - Shot by Kevin Labanc.
2:45 of 3rd period - Stopped by Jordan Binnington with a rebound.
2:47 of 3rd period - Shot by Pavel Zacha.
2:47 of 3rd period - Stopped by Jordan Binnington with a rebound.
2:55 of 3rd period - Shot by Alex Nylander.
2:55 of 3rd period - Shot Misses the Net.
2:57 of 3rd period - Shot by Kevin Labanc.
2:57 of 3rd period - Goal by Kevin Labanc - MapleLeafs : 4 - Capitals : 2.
2:58 of 3rd period - Quinton Byfield wins face-off versus Alexander Wennberg in neutral zone.
3:11 of 3rd period - Shot by Alexander Wennberg.
3:11 of 3rd period - Shot Misses the Net.
4:01 of 3rd period - Off-side.
4:02 of 3rd period - Tyler Johnson wins face-off versus Nils Aman in neutral zone.
4:31 of 3rd period - Nils Aman is hit by Jonas Siegenthaler and loses puck.
4:34 of 3rd period - Shot by Nils Aman.
4:34 of 3rd period - Stopped by Joonas Korpisalo with a rebound.
5:31 of 3rd period - Shot by Filip Chytil.
5:31 of 3rd period - Stopped by Joonas Korpisalo without a rebound.
5:32 of 3rd period - Alexander Wennberg wins face-off versus Michael Rasmussen in Capitals zone.
5:32 of 3rd period - Alexander Wennberg is hit by Samuel Bolduc.
5:36 of 3rd period - Shot by Barrett Hayton.
5:36 of 3rd period - Stopped by Joonas Korpisalo without a rebound.
5:37 of 3rd period - Alexander Wennberg wins face-off versus Michael Rasmussen in Capitals zone.
5:42 of 3rd period - Shot by Alexander Wennberg.
5:42 of 3rd period - Shot Misses the Net.
5:52 of 3rd period - Shot by Anthony Duclair.
5:52 of 3rd period - Shot Misses the Net.
5:56 of 3rd period - Shot by Alexander Wennberg.
5:56 of 3rd period - Deflect By Anthony Duclair.
5:56 of 3rd period - Shot Misses the Net.
5:58 of 3rd period - Shot by Alexander Wennberg.
5:58 of 3rd period - Stopped by Joonas Korpisalo with a rebound.
6:12 of 3rd period - Shot by Barrett Hayton.
6:12 of 3rd period - Shot Blocked by Morgan Frost.
6:51 of 3rd period - Shot by Filip Chytil.
6:51 of 3rd period - Stopped by Joonas Korpisalo without a rebound.
6:52 of 3rd period - Tyler Johnson wins face-off versus Shane Pinto in Capitals zone.
7:13 of 3rd period - Shot by David Kampf.
7:13 of 3rd period - Deflect By Kaapo Kakko.
7:13 of 3rd period - Shot Misses the Net.
7:15 of 3rd period - Shot by David Kampf.
7:15 of 3rd period - Shot Misses the Net.
7:21 of 3rd period - Shot by Shane Pinto.
7:21 of 3rd period - Stopped by Joonas Korpisalo with a rebound.
7:23 of 3rd period - Shot by Jonathan Huberdeau.
7:23 of 3rd period - Shot Misses the Net.
7:25 of 3rd period - Shot by Shane Pinto.
7:25 of 3rd period - Goal by Shane Pinto - MapleLeafs : 5 - Capitals : 2.
7:26 of 3rd period - Pavel Zacha wins face-off versus Filip Chytil in neutral zone.
7:39 of 3rd period - Shot by Trent Frederic.
7:39 of 3rd period - Shot Blocked by Jonas Siegenthaler.
8:21 of 3rd period - Erik Cernak is hit by Pavel Zacha and loses puck.
8:43 of 3rd period - Minor Penalty to Barrett Hayton for Hooking.
8:44 of 3rd period - Alexander Wennberg wins face-off versus David Kampf in MapleLeafs zone.
8:50 of 3rd period - Icing by Brad Hunt.
8:51 of 3rd period - Tyler Johnson wins face-off versus Alexander Wennberg in Capitals zone.
8:51 of 3rd period - Tyler Johnson is hit by Noah Cates.
9:01 of 3rd period - Shot by Tyler Johnson.
9:01 of 3rd period - Shot Misses the Net.
9:03 of 3rd period - Shot by David Kampf.
9:03 of 3rd period - Shot Blocked by Alexander Romanov.
9:20 of 3rd period - Cody Ceci is hit by Alexander Wennberg and loses puck.
9:36 of 3rd period - Icing by Cody Ceci.
9:37 of 3rd period - Tyler Johnson wins face-off versus Alexander Wennberg in Capitals zone.
10:03 of 3rd period - Icing by Jonas Siegenthaler.
10:04 of 3rd period - Noel Acciari wins face-off versus Pavel Zacha in Capitals zone.
10:30 of 3rd period - Off-side.
10:31 of 3rd period - Quinton Byfield wins face-off versus Alexander Wennberg in neutral zone.
10:42 of 3rd period - Shot by David Kampf.
10:42 of 3rd period - Stopped by Jordan Binnington without a rebound.
10:43 of 3rd period - Shane Pinto wins face-off versus Michael Rasmussen in MapleLeafs zone.
10:49 of 3rd period - Off-side.
10:50 of 3rd period - Pavel Zacha wins face-off versus Shane Pinto in neutral zone.
10:56 of 3rd period - Icing by Erik Cernak.
10:57 of 3rd period - Tyler Johnson wins face-off versus Shane Pinto in MapleLeafs zone.
11:09 of 3rd period - Icing by Cody Ceci.
11:10 of 3rd period - Filip Chytil wins face-off versus Tyler Johnson in Capitals zone.
11:15 of 3rd period - Shot by Filip Chytil.
11:15 of 3rd period - Stopped by Joonas Korpisalo without a rebound.
11:16 of 3rd period - Shane Pinto wins face-off versus Tyler Johnson in Capitals zone.
11:19 of 3rd period - Shot by Drake Batherson.
11:19 of 3rd period - Stopped by Joonas Korpisalo without a rebound.
11:20 of 3rd period - Kaapo Kakko wins face-off versus Alexander Wennberg in Capitals zone.
11:44 of 3rd period - Shot by David Kampf.
11:44 of 3rd period - Shot Misses the Net.
11:51 of 3rd period - Icing by Zach Whitecloud.
11:52 of 3rd period - Alexander Wennberg wins face-off versus Pavel Zacha in MapleLeafs zone.
11:52 of 3rd period - Alexander Wennberg is hit by Kevin Labanc.
12:06 of 3rd period - Shot by Barrett Hayton.
12:06 of 3rd period - Shot Blocked by Jonas Siegenthaler.
12:13 of 3rd period - Off-side.
12:14 of 3rd period - Shane Pinto wins face-off versus Quinton Byfield in neutral zone.
12:34 of 3rd period - Shane Pinto is hit by Jordan Greenway.
12:37 of 3rd period - Samuel Bolduc is hit by John Marino and loses puck.
12:48 of 3rd period - Shot by Matias Maccelli.
12:48 of 3rd period - Shot Misses the Net.
14:28 of 3rd period - Shot by Filip Chytil.
14:28 of 3rd period - Shot Blocked by Jonas Siegenthaler.
14:30 of 3rd period - Shot by Trent Frederic.
14:30 of 3rd period - Deflect By Filip Chytil.
14:30 of 3rd period - Shot Misses the Net.
15:03 of 3rd period - Nicolas Hague is hit by Jonas Siegenthaler and loses puck.
15:08 of 3rd period - Shot by Alexander Wennberg.
15:08 of 3rd period - Stopped by Joonas Korpisalo without a rebound.
15:09 of 3rd period - Noel Acciari wins face-off versus Michael Rasmussen in Capitals zone.
15:10 of 3rd period - Shot by Nils Aman.
15:10 of 3rd period - Deflect By Noel Acciari.
15:10 of 3rd period - Stopped by Joonas Korpisalo without a rebound.
15:11 of 3rd period - Alexander Wennberg wins face-off versus Tyler Johnson in Capitals zone.
15:11 of 3rd period - Nicolas Hague is hit by Cody Ceci and loses puck.
15:22 of 3rd period - Shot by Tyler Johnson.
15:22 of 3rd period - Goal by Tyler Johnson - MapleLeafs : 5 - Capitals : 3.
15:23 of 3rd period - Michael Rasmussen wins face-off versus Noel Acciari in neutral zone.
16:31 of 3rd period - David Kampf is hit by Zach Whitecloud and loses puck.
16:34 of 3rd period - Shot by Tyler Johnson.
16:34 of 3rd period - Stopped by Jordan Binnington without a rebound.
16:35 of 3rd period - Pavel Zacha wins face-off versus Alexander Wennberg in MapleLeafs zone.
17:29 of 3rd period - Off-side.
17:30 of 3rd period - Tyler Johnson wins face-off versus Filip Chytil in neutral zone.
18:05 of 3rd period - Shot by Tyler Johnson.
18:05 of 3rd period - Stopped by Jordan Binnington without a rebound.
18:06 of 3rd period - Quinton Byfield wins face-off versus Drake Batherson in MapleLeafs zone.
18:25 of 3rd period - Shane Pinto is hit by Jordan Greenway and loses puck.
Goals for this period are 3 for MapleLeafs vs 2 for Capitals.
Shots for this period are 14 for MapleLeafs vs 9 for Capitals.